 Dungeon Crawl Stone Soup version 0.19-a0-1886-gd64a0f0 (console) character file.

3829 brucemayne the Cleaver (level 9, -11/69 HPs)
             Began as a Vampire Berserker on Oct 15, 2016.
             Was a Priest of Trog.
             Mangled by a wyvern (12 damage)
             ... on level 9 of the Dungeon.
             The game lasted 00:18:00 (3376 turns).

brucemayne the Cleaver (Vampire Berserker)          Turns: 3376, Time: 00:18:01

Health: -11/69     AC: 14    Str: 18    XL:     9   Next: 97%
Magic:  9/9        EV:  6    Int:  9    God:    Trog [***...]
Gold:   265        SH:  0    Dex: 15    Spells: 0 memorised, 8 levels left

rFire  . . .     SeeInvis +     m - +0 war axe
rCold  + . .     Gourm    .     D - +0 plate armour of Xuedusme {MR+}
rNeg   + + .     Faith    .     (no shield)
rPois  +         Spirit   .     (no helmet)
rElec  .         Dismiss  .     (no cloak)
rCorr  .         Reflect  .     s - +1 pair of gloves
MR     +....     Harm     .     (no boots)
Stlth  ..........               (no amulet)
                                (no ring)
                                (no ring)

@: exhausted, regenerating slowly, slowed, very slow
A: fangs 3, see invisible, unbreathing
a: Bat Form, Berserk, Trog's Hand, Burn Spellbooks, Renounce Religion


You were on level 9 of the Dungeon.
You worshipped Trog.
Trog was most pleased with you.
You were thirsty.

You visited 2 branches of the dungeon, and saw 10 of its levels.

You collected 303 gold pieces.
You spent 38 gold pieces at shops.

Inventory:

Hand Weapons
 a - a +1 hand axe
 m - a +0 war axe (weapon)
 n - a +0 blowgun
 p - a cursed -1 blowgun
 v - a +0 dagger of protection
Missiles
 i - 11 tomahawks (quivered)
 o - 8 poisoned needles
 J - 3 silver tomahawks
Armour
 b - a +0 animal skin
 h - a +0 ring mail
 j - a +0 ring mail
 s - a +1 pair of gloves (worn)
 x - a +0 helmet
 D - the +0 plate armour of Xuedusme (worn) {MR+}
   (You found it on level 7 of the Dungeon)

   It affects your resistance to hostile enchantments.
 F - a +0 large shield
Rods
 y - a +0 rod of inaccuracy (13/13)
   (You found it on level 5 of the Dungeon)
Wands
 u - a wand of polymorph (13/24)
 A - a wand of confusion (36/48)
 B - a wand of flame (13/48)
 C - a wand of paralysis (3/24)
 E - a wand of polymorph (8/24)
 G - a wand of lightning (11/15)
 H - a wand of lightning (2/15)
Scrolls
 e - 2 scrolls of fear
 l - a scroll of enchant weapon
 r - a scroll of teleportation
 I - a scroll of magic mapping
Potions
 c - 7 potions of blood
 d - a potion of berserk rage
 f - 4 potions of lignification
 g - 4 potions of curing
 k - 2 potions of resistance
 q - a potion of degeneration {unknown}
 t - 2 potions of might {unknown}
 w - 4 potions of cure mutation
 z - a potion of flight {unknown}


   Skills:
 - Level 6.1 Fighting
 + Level 11.2 Axes
 - Level 4.3 Armour
 - Level 2.1 Dodging


You had 8 spell levels left.
You didn't know any spells.

Dungeon Overview and Level Annotations

Branches:
Dungeon (9/15)             Temple (1/1) D:7            Lair (0/6) D:8
    Orc: D:9-12

Altars:
Ashenzari
Cheibriados
Fedhas
Gozag
Hepliaklqana
Kikubaaqudgha
Makhleb
Okawaru
Sif Muna
Trog
Uskayaw
Vehumet
Xom
Yredelemnul
Zin
The Shining One

Shops:
D:6 (}((

Annotations:
D:4 Edmund
D:5 exclusion: upstairs


Innate Abilities, Weirdness & Mutations

You heal slowly.
You have razor-sharp teeth.
You have supernaturally acute eyesight. (SInv)
You can survive without breathing.


Message History

The wyvern is heavily wounded.
The wyvern barely misses you.
A red film seems to cover your vision as you go berserk!
You feel yourself moving faster!
You feel mighty!
Your blood-deprived body can't sustain your rage any longer.
You are feeling thirsty.
You are no longer berserk.
You are exhausted.
You feel yourself slow down.
The wyvern bites you but does no damage.
The wyvern bites you!
* * * LOW HITPOINT WARNING * * *
Unknown command.
You feel better. The wyvern bites you!
* * * LOW HITPOINT WARNING * * *
The wyvern bites you.
* * * LOW HITPOINT WARNING * * *
It was a potion of cure mutation.
It has a very clean taste.
The wyvern bites you!
You die...

#.........# .
#.........#
..#####.........#
#...............#
.........########
######...####
#...........#
#.####...######
#.....@..#
###.#.#.l..#
......'.)..#
....##.#.รท..#
.#... #.#....#
#... #..<...#
............#
..............(
...##.....l....


You could see a wyvern.

Vanquished Creatures
  A hill giant (D:9)
  Grinder (D:4)
  A hippogriff (D:7)
  5 yaks
  A wyvern (D:9)
  A hungry ghost (D:7)
  Eustachio (D:4)
  The ghost of graki42 the Sneak, an amateur OpMo (D:4)
  2 sky beasts (D:7)
  An orc warrior (D:8)
  2 phantoms
  2 ogres
  3 centaurs
  A crocodile (D:9)
  Blork the orc (D:4)
  A scorpion (D:7)
  A howler monkey (D:8)
  3 crimson imps
  A quasit (D:8)
  2 orc priests
  A centaur skeleton (D:9)
  2 iguanas (D:7)
  An orc wizard (D:5)
  3 worker ants
  2 hound skeletons
  4 adders
  2 howler monkey skeletons
  4 river rats (D:8)
  A shadow imp (D:7)
  3 worms
  3 leopard geckos
  20 orcs
  10 bats
  5 giant cockroaches
  3 goblins
  4 hobgoblins
  10 jackals
  3 quokkas
  6 frilled lizards
  6 kobolds
  A leopard gecko skeleton (D:6)
  A quokka zombie (D:5)
  13 rats
  2 fungi (D:8)
142 creatures vanquished.

Vanquished Creatures (others)
  3 fungi (D:8)
3 creatures vanquished.

Grand Total: 145 creatures vanquished

Notes
Turn   | Place    | Note
-------+----------+-------------------------------------------
     0 | D:1      | brucemayne the Vampire Berserker began the quest for the Orb.
     0 | D:1      | Reached XP level 1. HP: 17/17 MP: 1/1
   165 | D:1      | Reached skill level 3 in Axes
   174 | D:1      | Reached XP level 2. HP: 14/23 MP: 2/2
   497 | D:3      | Reached XP level 3. HP: 16/28 MP: 3/3
   547 | D:3      | Reached ** piety under Trog
   547 | D:3      | Reached skill level 4 in Axes
   710 | D:4      | Noticed Grinder
   710 | D:4      | Noticed graki42's ghost (amateur OpMo)
   721 | D:4      | Killed Grinder
   721 | D:4      | Reached skill level 6 in Axes
   721 | D:4      | Reached XP level 4. HP: 5/34 MP: 4/4
   721 | D:4      | Reached XP level 5. HP: 6/39 MP: 5/5
   721 | D:4      | Reached XP level 6. HP: 7/46 MP: 6/6
   727 | D:4      | Killed graki42's ghost
   841 | D:4      | Noticed Blork the orc
   854 | D:4      | Killed Blork the orc
   854 | D:4      | Reached skill level 7 in Axes
   975 | D:4      | Noticed Eustachio
   990 | D:4      | Reached XP level 7. HP: 47/51 MP: 7/7
   997 | D:4      | Killed Eustachio
   997 | D:4      | Reached skill level 8 in Axes
  1240 | D:5      | Entered Level 5 of the Dungeon
  1295 | D:5      | Found a hide-covered altar of Uskayaw.
  1434 | D:7      | Noticed a hungry ghost
  1445 | D:7      | Killed a hungry ghost
  1553 | D:7      | Reached skill level 9 in Axes
  1553 | D:7      | Reached XP level 8. HP: 57/57 MP: 8/8
  1595 | D:7      | Found a staircase to the Ecumenical Temple.
  1597 | D:7      | Noticed a hippogriff
  1624 | D:7      | Killed a hippogriff
  1670 | D:7      | Got a shimmering plate armour
  1681 | D:7      | Identified the cursed +0 plate armour of Xuedusme {MR+} (You found it on level 7 of the Dungeon)
  1692 | Temple   | Entered the Ecumenical Temple
  1874 | D:7      | Reached skill level 10 in Axes
  1990 | D:6      | Found Cuxelej's Gadget Shoppe.
  2080 | D:6      | Found Toka's Antique Weapon Boutique.
  2161 | D:6      | Found Nodetz's Weapon Boutique.
  2234 | D:6      | Found Wejoesk's Weapon Boutique.
  2248 | D:6      | Bought a +0 war axe for 38 gold pieces
  2289 | D:4      | Noticed Edmund
  2390 | D:5      | Found a basalt altar of Yredelemnul.
  2435 | D:5      | Reached *** piety under Trog
  2651 | D:8      | Reached XP level 9. HP: 45/64 MP: 9/9
  2792 | D:8      | Reached skill level 11 in Axes
  2856 | D:9      | Noticed a hill giant
  2866 | D:9      | Reached skill level 5 in Fighting
  2868 | D:9      | Killed a hill giant
  3289 | D:8      | Found a staircase to the Lair.
  3375 | D:9      | HP: 1/69 [wyvern (4)]
  3376 | D:9      | Mangled by a wyvern

Vault maps used:
D:1:      minmay_arrival_shattered_statue, feat_on_display
D:3:      first_bread, minmay_quantized
D:4:      minmay_rat_hole, uniq_grinder, uniq_edmund, uniq_blork_the_orc,
          uniq_eustachio
D:5:      lemuel_doored_altar, kennysheep_ying_yang, serial_shops, shop
D:6:      serial_shops, shop, nicolae_shop_behind_doors, nicolae_shop_crystal,
          nicolae_shop_crystal, st_stairs_12
D:8:      grunt_lair_entry_orc_guard_hut
Temple:   hc_temple_tempest_star

Skill      XL: |  1  2  3  4  5  6  7  8  9 |
---------------+----------------------------+-----
Axes           | 3 6 7 9 10 11 | 11.2
Fighting       | 3 6 |  6.1
Armour         | 4 |  4.3
Dodging        | |  2.1

Action                   |  1- 3 |  4- 6 |  7- 9 || total
-------------------------+-------+-------+-------++-------
Melee: Hand axe          |   120 |    23 |   250 ||   393
       Bite              |    11 |     2 |    52 ||    65
       War axe           |       |       |   190 ||   190
Invok: Trog's Hand       |     2 |     2 |     5 ||     9
       Berserk           |     1 |     2 |     9 ||    12
 Abil: End Transformatio |       |       |     1 ||     1
       Bat Form          |       |       |     1 ||     1
  Use: Potion            |     1 |     4 |    20 ||    25
       Scroll            |       |       |    13 ||    13
Armor: Animal skin       |    10 |       |       ||    10
       Ring mail         |    34 |     4 |    37 ||    75
       Plate armour      |       |       |   198 ||   198
Dodge: Dodged            |    70 |    12 |   203 ||   285
